 Dungeon Crawl Stone Soup version 0.18.1-8-gdd0e5ea (webtiles) character file.

44 deorigin the Insei (level 3, -1/20 HPs)
             Began as a Vine Stalker Monk on May 23, 2016.
             Slain by an adder (4 damage)
             ... on level 2 of the Dungeon.
             The game lasted 00:03:59 (1049 turns).

deorigin the Insei (Vine Stalker Monk)              Turns: 1049, Time: 00:04:00

Health: -1/20      AC:  2    Str: 13    XL:     3   Next: 60%
Magic:  0/4        EV: 12    Int: 11    God:
Gold:   98         SH:  4    Dex: 16    Spells: 0 memorised, 2 levels left

rFire  . . .     SeeInvis .       - Unarmed
rCold  . . .     Gourm    .     a - +0 robe
rNeg   . . .     Faith    .     o - +0 buckler
rPois  .         Spirit   +     (no helmet)
rElec  .         Dismiss  .     (no cloak)
rCorr  .         Reflect  .     (no gloves)
SustAt .         Harm     .     (no boots)
MR     .....                    (no amulet)
Stlth  ++........               (no ring)
                                (no ring)

@: lethally poisoned (-1 -> -5), not resistant to hostile enchantments,
unstealthy
A: fangs 2, regeneration 1, magic shield, antimagic bite, no device heal 3, rot
immunity
a: no special abilities


You were on level 2 of the Dungeon.
You were not hungry.

You visited 1 branch of the dungeon, and saw 2 of its levels.

You collected 98 gold pieces.

Inventory:

Missiles
 k - 19 poisoned needles
Armour
 a - a +0 robe (worn)
 o - a +0 buckler (worn)
Scrolls
 c - a scroll of blinking {unknown}
 d - 2 scrolls of fear {unknown}
 e - a scroll of enchant armour {unknown}
 h - 3 scrolls of identify {unknown}
 l - a scroll of remove curse {unknown}
 m - a scroll of random uselessness {unknown}
 q - a scroll of noise {unknown}
Potions
 i - a potion of curing {unknown}
 j - a potion of lignification {unknown}
 n - a potion of mutation {unknown}
Comestibles
 b - a bread ration
 f - 4 fruits
 g - 2 meat rations
 p - 2 chunks of flesh


   Skills:
 + Level 3.2 Fighting
 - Level 2.4 Dodging
 - Level 2.4 Stealth
 * Level 0.1 Shields
 + Level 4.8 Unarmed Combat


You had 2 spell levels left.
You didn't know any spells.

Dungeon Overview and Level Annotations

Branches:
Dungeon (2/15)

Altars:
Ashenzari


Innate Abilities, Weirdness & Mutations

You have extremely sharp teeth.
Your natural rate of healing is unusually fast.
When hurt, damage is shared between your health and your magic reserves.
Your bite disrupts and absorbs the magic of your enemies.
Potions and wands cannot restore your health.
You are immune to rotting.


Message History

You feel sick. The adder bites you.
You are more poisoned.
The adder poisons you!
You miss the adder.
The adder is almost dead.
You feel sick. The adder bites you. The rat barely misses you.
You hit the adder.
The adder is almost dead.
You feel sick. The adder bites you.
* * * LOW HITPOINT WARNING * * *
The rat bites you but does no damage.
You closely miss the adder. Your bite misses the adder.
The adder is almost dead.
* * * LOW HITPOINT WARNING * * *
You feel sick. The adder bites you but does no damage.
You miss the adder. Your bite misses the adder.
The adder is almost dead.
* * * LOW HITPOINT WARNING * * *
You feel sick. The adder bites you.
You die...

############
##....[#.....
##............
####............. #
..#......r......
..##.#.....@S......
....#..$..........
###...............
..##.................
..................... #
.......(.......#.....
.########(#.....$######
.....###.........#
####.............?...


You could see an adder and a rat.

Vanquished Creatures
  An ooze (D:1)
  A worm (D:2)
  2 dart slugs (D:1)
  2 giant cockroaches
  3 goblins
  3 hobgoblins (D:1)
  7 jackals (D:1)
  4 giant newts (D:1)
  4 kobolds (D:1)
  5 rats
32 creatures vanquished.

Vanquished Creatures (others)
  A giant newt (D:1)
1 creature vanquished.

Grand Total: 33 creatures vanquished

Notes
Turn   | Place    | Note
--------------------------------------------------------------
     0 | D:1      | deorigin the Vine Stalker Monk began the quest for the Orb.
     0 | D:1      | Reached XP level 1. HP: 11/11 MP: 2/2
   218 | D:1      | Reached XP level 2. HP: 13/16 MP: 3/3
   374 | D:1      | Found a shattered altar of Ashenzari.
   540 | D:1      | Reached XP level 3. HP: 18/20 MP: 4/4
  1049 | D:2      | Slain by an adder

Skill      XL: |  1  2 |
---------------+-------+-----
Fighting       | 3 |  3.2
Dodging        | |  2.4
Stealth        | |  2.4
Shields        | |  0.1
Unarmed Combat | |  4.8

Action                   || total
-------------------------++-------
Melee: Unarmed           ||   121
       Bite              ||    22
       Punch             ||     2
 Stab: Sleeping          ||     4
  Eat: Chunk             ||     1
Armor: Robe              ||    27
Dodge: Dodged            ||    93
Block: Buckler           ||     3
